 Dungeon Crawl Stone Soup version 0.23-a0-270-gab6feb3 (webtiles) character file.

23 Felrender the Gusty (level 2, 0/20 HPs)
             Began as a Draconian Air Elementalist on Oct 1, 2018.
             Slain by Sigmund
             ... wielding a +0 scythe
              (12 damage)
             ... on level 2 of the Dungeon.
             The game lasted 00:02:28 (848 turns).

Felrender the Gusty (Draconian Air Elementalist)     Turns: 848, Time: 00:02:28

Health: 0/20       AC:  5    Str: 10    XL:     2   Next: 72%
Magic:  5/5        EV: 12    Int: 15    God:
Gold:   32         SH:  0    Dex: 11    Spells: 4/5 levels left

rFire    . . .     SeeInvis .   a - +0 dagger (speed)
rCold    . . .     Gourm    .   (no shield)
rNeg     . . .     Faith    .   (armour unavailable)
rPois    .         Spirit   .   (helmet restricted)
rElec    .         Reflect  .   (no cloak)
rCorr    .         Harm     .   h - +0 pair of gloves
MR       .....                  (no boots)
Stlth    +.........             (no amulet)
HPRegen  0.06/turn              (no ring)
MPRegen  0.09/turn              (no ring)

@: confused
A: unfitting armour, cold-blooded, AC +4
a: no special abilities


You were on level 2 of the Dungeon.
You were not hungry.

You visited 1 branch of the dungeon, and saw 2 of its levels.

You collected 32 gold pieces.

Inventory:

Hand Weapons
 a - a +0 dagger of speed (weapon)
Armour
 h - a +0 pair of gloves (worn)
Scrolls
 d - a scroll of fear
 e - a scroll of remove curse
 f - a scroll of teleportation {unknown}
 g - a scroll of identify
Comestibles
 b - 4 rations
 c - a chunk of flesh


   Skills:
 + Level 0.1 Fighting
 + Level 0.3 Short Blades
 + Level 2.2 Dodging
 + Level 1.7 Stealth
 + Level 2.1 Spellcasting
 + Level 1.0 Conjurations
 + Level 3.5 Air Magic


You had 4 spell levels left.
You knew the following spells:

 Your Spells              Type           Power        Failure   Level  Hunger
a - Shock                 Conj/Air       #...         9%          1    #......

Your spell library contained the following spells:

 Spells                   Type           Power        Failure   Level  Hunger
 Swiftness                Chrm/Air       #.......     16%         2    ###....
 Static Discharge         Conj/Air       #.......     26%         3    ###....
 Airstrike                Air            ##........   45%         4    #####..
 Lightning Bolt           Conj/Air       #.........   94%         5    ######.


Dungeon Overview and Level Annotations

Branches:
Dungeon (2/15)

Altars:

Annotations:
D:2 Sigmund


Innate Abilities, Weirdness & Mutations

Your plain brown scales are hard. (AC +4)
You cannot fit into any form of body armour.
You are cold-blooded and may be slowed by cold attacks.


Message History

You barely miss something. You tail-slap something.
The frilled lizard misses you.
You miss something. You barely miss something.
Something hits you but does no damage.
The frilled lizard bites you but does no damage.
You aren't carrying any potions.
You barely miss something.
The frilled lizard bites you but does no damage.
You closely miss something. Something hits you but does no damage.
As you read the scroll of fear, it crumbles to dust.
You assume a fearsome visage.
The frilled lizard looks frightened!
You miss something. You tail-slap something.
Something hits you but does no damage.
You closely miss something. You barely miss something. You tail-slap something.
You hear some strange, mumbled words.
You are confused.
You bump into the rock wall.
Something hits you!
Ouch! That really hurt!
You die...

#.### .....# #...
...#.# # ###..###
##..... #. ......#
..... ##.###..#.#
#..# #.......#.#
##..#
#...<...).###...##
#.#####.........{##
#####l....@.##
.####)........#
......'.........+
...####.........#
##.......##
##.....## ##.%.##
##+##


You could see a frilled lizard (fleeing).

Vanquished Creatures
  An ooze (D:1)
  A giant cockroach (D:1)
  4 hobgoblins
  5 bats (D:1)
  A frilled lizard (D:1)
  3 goblins (D:1)
  2 kobolds (D:1)
  2 rats (D:1)
19 creatures vanquished.

Notes
Turn   | Place    | Note
-------+----------+-------------------------------------------
     0 | D:1      | Felrender the Draconian Air Elementalist began the quest
                  | for the Orb.
     0 | D:1      | Reached XP level 1. HP: 14/14 MP: 3/3
   297 | D:1      | Reached XP level 2. HP: 13/20 MP: 1/5
   819 | D:2      | Noticed Sigmund
   848 | D:2      | Slain by Sigmund

Vault maps used:
D:1:      minmay_arrival_wavy_path
D:2:      nemelex_xobeh_ov_fountains_minmay, hangedman_decor_points,
          grunt_gozag_statues, uniq_robin, uniq_sigmund

Skill      XL: |  1 |
---------------+----+-----
Dodging        | 2 |  2.2
Fighting       | |  0.1
Short Blades   | |  0.3
Stealth        | |  1.7
Spellcasting   | |  2.1
Conjurations   | |  1.0
Air Magic      | |  3.5

Action                   || total
-------------------------++-------
Melee: Dagger            ||    45
       Unarmed           ||    10
       Tailslap          ||     6
 Cast: Shock             ||    14
  Use: Scroll            ||     5
 Stab: Sleeping          ||     3
Armor: Skin              ||    23
Dodge: Dodged            ||    24

Table legend:
 A = Non-vault XP
 B = Vault XP
 C = Vault XP percentage of total XP
 D = Non-vault monster count
 E = Vault monster count
 F = Vault count percentage of total count
                 A         B        C        D         E       F
            +---------+---------+-------+---------+---------+-------
      Total |      33 |       0 |   0.0 |      19 |       0 |   0.0
            +---------+---------+-------+---------+---------+-------
        D:1 |      29 |       0 |   0.0 |      17 |       0 |   0.0
        D:2 |       4 |       0 |   0.0 |       2 |       0 |   0.0
            +---------+---------+-------+---------+---------+-------
